[Event "Polish Youth Ekstraliga 2022"]
[Site "Lublin"]
[Date "2022.07.03"]
[Round "9.15"]
[White "Wolak, Maciej"]
[Black "Mulawa, Cyprian"]
[Result "0-1"]
[ECO "B90"]
[WhiteElo "1316"]
[BlackElo "2050"]
[Annotator "NA RC"]
[PlyCount "84"]
[EventDate "2022.06.24"]
[EventType "team-tourn"]
[EventCountry "POL"]
[SourceTitle "playchess.com"]
[Source "ChessBase"]
[SourceQuality "1"]
[TimeControl "40/5400+30:1800+30"]

1. e4 c5 2. Nf3 d6 3. d4 cxd4 4. Nxd4 Nf6 5. Nc3 a6 6. f3 e5 7. Nb3 Be7 8. Be3 Be6 9. Nd5 Bxd5 10. exd5 Nbd7 11. c4 O-O 12. Bd3 Rc8 13. O-O Nh5 14. Qd2 f5 15. Rac1 $14 g6 16. Kh1 Re8 17. Qc2 Bg5 18. Bxg5 Qxg5 19. Qd2 Qxd2 20. Nxd2 Nf4 21. Bb1 Nc5 22. b3 b5 23. g3 Ne2 24. Rce1 Nd4 25. g4 f4 26. Rc1 b4 27. Ne4 Nxe4 28. Bxe4 Rc5 29. Rf2 Rec8 30. Ra1 Ra5 31. Rb1 Kf7 32. Kg2 Ra3 33. Rd2 a5 34. Rxd4 Rxa2+ 35. Kg1 exd4 36. h3 a4 37. bxa4 Rxc4 38. Bd3 Rc3 39. Be4 Rxa4 40. Kf2 Ra2+ 41. Kf1 b3 42. Kg1 b2 0-1

[Event "Polish Youth Ekstraliga 2022"]
[Site "Lublin"]
[Date "2022.07.03"]
[Round "9.16"]
[White "Suska, Szymon"]
[Black "Kania, Franciszek"]
[Result "1/2-1/2"]
[ECO "A04"]
[WhiteElo "1604"]
[BlackElo "1523"]
[Annotator "NA RC"]
[PlyCount "80"]
[EventDate "2022.06.24"]
[EventType "team-tourn"]
[EventCountry "POL"]
[SourceTitle "playchess.com"]
[Source "ChessBase"]
[SourceQuality "1"]
[TimeControl "40/5400+30:1800+30"]

1. Nf3 c5 2. b3 Nc6 3. Bb2 d6 4. g3 e5 5. d3 g6 6. Bg2 Bg7 7. O-O Nge7 8. c4 O-O 9. Nc3 h6 10. Nd2 Be6 11. e4 f5 12. Nd5 f4 13. Qe2 Qd7 14. f3 h5 15. a3 g5 16. b4 b6 17. b5 Nd4 18. Bxd4 exd4 19. Nxe7+ Qxe7 20. g4 hxg4 21. fxg4 f3 22. Rxf3 Be5 23. Rxf8+ Rxf8 24. Rf1 Bf4 25. h3 Kg7 26. Rf3 Qd7 27. Nf1 a6 28. a4 axb5 29. axb5 Ra8 30. Ng3 Be5 31. Nh5+ Kg6 32. Rf1 Qe7 33. Qf3 Qa7 34. Qe2 Qe7 35. Qf3 Ra3 36. Rf2 Ra1+ 37. Bf1 Ra8 38. Bg2 Ra1+ 39. Bf1 Ra8 40. Bg2 Qa7 1/2-1/2

[Event "Polish Youth Ekstraliga 2022"]
[Site "Lublin"]
[Date "2022.07.03"]
[Round "9.17"]
[White "Dylag, Emilia"]
[Black "Rejniak, Zuzanna"]
[Result "1/2-1/2"]
[ECO "E04"]
[WhiteElo "2022"]
[BlackElo "1804"]
[Annotator "NA RC"]
[PlyCount "103"]
[EventDate "2022.06.24"]
[EventType "team-tourn"]
[EventCountry "POL"]
[SourceTitle "playchess.com"]
[Source "ChessBase"]
[SourceQuality "1"]
[TimeControl "40/5400+30:1800+30"]

1. d4 Nf6 2. c4 e6 3. g3 d5 4. Bg2 dxc4 5. Nf3 c6 6. O-O b5 7. Ne5 Bb7 8. a4 a6 9. axb5 axb5 10. Rxa8 Bxa8 11. Nc3 Be7 12. e4 O-O 13. Be3 Nbd7 14. f4 b4 15. Na4 c5 16. Nxd7 (16. Nxc5 $11 Qc8 17. Ncxd7 (17. Nxc4 Nxc5 18. dxc5 Bxc5 $17) 17... Nxd7 18. Nxd7 Qxd7 19. f5) 16... Nxd7 17. dxc5 Bc6 $19 18. Nb6 Nxc5 19. Nxc4 Bxe4 20. Bxe4 Nxe4 21. Ne5 Qa8 22. Qb3 Rd8 23. Rd1 Rxd1+ 24. Qxd1 Nf6 25. Qc2 Nd5 26. Bd4 Bf6 27. Qc6 Qxc6 28. Nxc6 Bxd4+ 29. Nxd4 Kf8 30. Kf2 Ke7 31. Ke2 Kd6 32. Kd3 Kc5 33. Nb3+ Kb5 34. Nd4+ Kc5 35. Nb3+ Kd6 36. Kc4 Kc6 37. Nd4+ Kb6 38. Nf3 f6 39. Nd4 Ne3+ 40. Kxb4 e5 41. fxe5 fxe5 42. Nf3 e4 43. Ng5 Nf1 44. Nxe4 Nxh2 45. Kc4 h5 46. Kd5 Nf1 47. Ke5 Kb5 48. Kf4 Kb4 49. Kg5 Nxg3 50. Nxg3 Kb3 51. Nxh5 Kxb2 52. Nxg7 1/2-1/2

[Event "Polish Youth Ekstraliga 2022"]
[Site "Lublin"]
[Date "2022.07.03"]
[Round "9.18"]
[White "Walewska, Natalia"]
[Black "Bandyk, Joanna"]
[Result "0-1"]
[ECO "B93"]
[WhiteElo "1179"]
[BlackElo "1360"]
[Annotator "NA RC"]
[PlyCount "56"]
[EventDate "2022.06.24"]
[EventType "team-tourn"]
[EventCountry "POL"]
[SourceTitle "playchess.com"]
[Source "ChessBase"]
[SourceQuality "1"]
[TimeControl "40/5400+30:1800+30"]

1. e4 c5 2. Nf3 d6 3. d4 cxd4 4. Nxd4 Nf6 5. Nc3 a6 6. f4 e5 7. Nb3 Qc7 8. Be2 b5 9. a3 Bb7 10. Bd3 Be7 11. O-O O-O 12. Kh1 Nbd7 13. Qf3 Nc5 14. Nd2 Rad8 15. Re1 d5 16. f5 dxe4 17. Bxe4 Ncxe4 18. Ndxe4 Rd4 19. Nxf6+ Bxf6 20. Qe2 Rh4 21. Qe3 Rd8 22. Bd2 e4 23. g3 Bd4 24. Qe2 e3+ 25. Kg1 Qxg3+ 26. Kf1 Rf4+ 27. Qf3 Qxf3+ 28. Kg1 Qg2# 0-1

[Event "Polish Youth Ekstraliga 2022"]
[Site "Lublin"]
[Date "2022.07.03"]
[Round "9.19"]
[White "Niedbala, Bartlomiej"]
[Black "Poltorak, Sebastian"]
[Result "1-0"]
[ECO "B12"]
[WhiteElo "2384"]
[BlackElo "2322"]
[Annotator "TA"]
[PlyCount "55"]
[EventDate "2022.06.24"]
[EventType "team-tourn"]
[EventCountry "POL"]
[SourceTitle "playchess.com"]
[Source "ChessBase"]
[SourceQuality "1"]
[TimeControl "40/5400+30:1800+30"]

1. e4 c6 2. d4 d5 3. e5 Bf5 4. h4 h5 5. Bd3 Bxd3 6. Qxd3 e6 7. Bg5 {[%emt 0:00:07] B12: Caro-Kann: Advance Variation.} Qb6 8. Nd2 {[%emt 0:00:37] Active counter play!} c5 9. c4 {[%emt 0:01:57] The position is equal.} Ne7 (9... Qxb2 $11 10. Rb1 Qxa2) 10. Ngf3 $14 Nbc6 11. O-O cxd4 {[%emt 0:03:21] [#]} 12. Rac1 $146 ({Predecessor:} 12. a3 Qxb2 13. Rfc1 Qb6 14. Rab1 Qa6 15. Qb3 Rb8 16. Bxe7 Bxe7 17. cxd5 exd5 18. Qxd5 {½-½ (151) Balogh,C (2660)-Tari,A (2450) Germany 2015}) 12... Qa6 ({Better is} 12... Qxb2 $11 13. Bxe7 Bxe7) 13. a3 dxc4 14. Nxc4 {[%emt 0:00:39] Black must now prevent Nd6+.} Nf5 {[%emt 0:01:15] Inhibits Nd6+.} 15. Rfd1 Qb5 16. Rc2 (16. b4 $16) 16... Qd5 17. b4 {[%emt 0:07:51] [#] Inhibits Bc5.} (17. Qe2 $11) 17... Be7 $2 (17... Bxb4 $1 $17 {[%cal Oe8g8][%mdl 512] ...0-0! is the strong threat.} 18. Qb3 (18. axb4 Nxb4 19. Qd2 Nxc2 $17) 18... Bc5 19. Qxb7 Rb8) 18. Bxe7 $1 $16 Kxe7 19. Nd6 {[%emt 0:03:44] Against Rhc8} Nxd6 {[%emt 0:08:44] [#]} 20. Rc5 $1 Nxe5 $2 {[%emt 0:17:52][%mdl 8192] This move loses the game for Black.} 21. Nxe5 $18 Qe4 {[%emt 0:00:05] [#] Strongly threatening ...Qxd3.} 22. Rc7+ $1 {[%emt 0:04:39][%mdl 64] Skewer} Kd8 (22... Kf6 $2 23. Nd7+ Kg6 24. Qg3+ Kh7 25. Qxd6 $18) (22... Kf8 $142) 23. Qxe4 {[%emt 0:01:45][%mdl 64] Deflection} Nxe4 24. Rxf7 Ke8 25. Rxd4 {[%emt 0:01:26] Threatening mate with Rdd7.} Nc3 26. Rdd7 {[%emt 0:00:39] White mates.} Nd5 27. Nc4 Rb8 28. Nd6# {[%emt 0:00:05] Weighted Error Value: White=0.20 (precise) /Black=0.85} 1-0

[Event "Polish Youth Ekstraliga 2022"]
[Site "Lublin"]
[Date "2022.07.03"]
[Round "9.20"]
[White "Meers, Hubert"]
[Black "Redzisz, Michal"]
[Result "1/2-1/2"]
[ECO "B19"]
[WhiteElo "2013"]
[BlackElo "2236"]
[Annotator "TA"]
[PlyCount "84"]
[EventDate "2022.06.24"]
[EventType "team-tourn"]
[EventCountry "POL"]
[SourceTitle "playchess.com"]
[Source "ChessBase"]
[SourceQuality "1"]
[TimeControl "40/5400+30:1800+30"]

1. e4 c6 2. d4 d5 3. Nd2 dxe4 4. Nxe4 Bf5 5. Ng3 Bg6 6. h4 h6 7. Nf3 Nd7 8. h5 Bh7 9. Bd3 Bxd3 10. Qxd3 e6 11. Bd2 $1 {[%emt 0:00:04] The main line 11.Bd2 scores better than 11.Bf4.} Ngf6 12. O-O-O a5 {[%emt 0:08:07] B19: Classical Caro-Kann: 4...Bf5 main line.} 13. Ne4 Nxe4 14. Qxe4 Nf6 {[%emt 0:00:01] White has an edge.} 15. Qe2 Bb4 16. Kb1 Bxd2 17. Rxd2 Qd5 18. Qe5 {[%emt 0:03:59] [#]} a4 $146 ({Predecessor:} 18... Qxe5 19. dxe5 Nd5 20. c4 Nb6 21. b3 Ke7 22. Rhd1 c5 23. Rd6 Rhd8 24. Kc2 Rxd6 25. Rxd6 {0-1 (63) Kiss,B (1659)-Rikk,Z (1595) Hungary 2009}) 19. Qxd5 cxd5 20. a3 Ke7 21. Ne5 Ne4 22. Re2 Rhc8 23. g4 Ra6 24. Rh3 Rb6 25. Ka1 f6 26. Ng6+ Kf7 27. Rhe3 Rc4 28. f3 Ng5 ({Not} 28... Ng3 29. Rg2 $16) 29. Rd3 {[%emt 0:03:57] White is more active.} Ke8 30. Kb1 Kd7 31. Nf8+ Ke7 (31... Ke8 $5 32. Ng6 Kd7 $14) 32. Ng6+ Kd6 33. c3 Rc8 34. Rde3 Rbc6 35. Kc2 Re8 36. Nh4 Rec8 37. Ng6 Re8 38. Nh4 Kd7 39. Ng6 Nf7 (39... Kd6 $11) 40. Nf4 $16 {[%emt 0:00:00] White is better.} Rd6 41. Nd3 {[%emt 0:05:30] [#] And now Nc5+ would win.} b6 {[%emt 0:00:38] Prevents Nc5+.} 42. f4 Nd8 {[%emt 0:05:25] Weighted Error Value: White=0.09 (flawless) /Black=0.15 (very precise)} 1/2-1/2

[Event "Polish Youth Ekstraliga 2022"]
[Site "Lublin"]
[Date "2022.07.03"]
[Round "9.21"]
[White "Warchol, Kamil"]
[Black "Zielonka, Adam"]
[Result "1/2-1/2"]
[ECO "B46"]
[WhiteElo "2079"]
[BlackElo "1988"]
[Annotator "NA RC"]
[PlyCount "84"]
[EventDate "2022.06.24"]
[EventType "team-tourn"]
[EventCountry "POL"]
[SourceTitle "playchess.com"]
[Source "ChessBase"]
[SourceQuality "1"]
[TimeControl "40/5400+30:1800+30"]

1. e4 c5 2. Nf3 e6 3. d4 cxd4 4. Nxd4 Nc6 5. Nc3 a6 6. g3 d6 7. Nxc6 bxc6 8. Bg2 d5 9. O-O Nf6 10. Re1 Be7 11. e5 Nd7 12. Qg4 g6 13. Bh6 Bf8 14. Bxf8 Kxf8 15. b4 h5 16. Qd4 Qb6 17. Qxb6 Nxb6 18. Ne2 Bd7 19. Nd4 a5 20. a3 axb4 21. axb4 Ke7 22. Bf1 Rhb8 23. Reb1 Rxa1 24. Rxa1 Kd8 25. Nb3 Ra8 26. Rxa8+ Nxa8 27. f4 Bc8 28. Kf2 Kc7 29. Ke3 Kb6 30. Nc5 Nc7 31. Kd4 Ne8 32. h3 Ng7 33. g4 hxg4 34. hxg4 Ne8 35. Na4+ Kc7 36. Bd3 Ng7 37. Kc5 Ne8 38. Nc3 f5 39. exf6 Nxf6 40. g5 Nh5 41. Ne2 Ng7 42. Bxg6 e5 1/2-1/2

[Event "Polish Youth Ekstraliga 2022"]
[Site "Lublin"]
[Date "2022.07.03"]
[Round "9.22"]
[White "Liskiewicz, Jakub"]
[Black "Krol, Jan"]
[Result "0-1"]
[ECO "E43"]
[WhiteElo "1839"]
[BlackElo "1668"]
[Annotator "NA RC"]
[PlyCount "139"]
[EventDate "2022.06.24"]
[EventType "team-tourn"]
[EventCountry "POL"]
[SourceTitle "playchess.com"]
[Source "ChessBase"]
[SourceQuality "1"]
[TimeControl "40/5400+30:1800+30"]

1. d4 Nf6 2. c4 e6 3. Nc3 Bb4 4. e3 b6 5. Bd3 Bb7 6. f3 c5 7. Nge2 cxd4 8. exd4 O-O 9. O-O d5 10. a3 Bxc3 11. Nxc3 dxc4 12. Bxc4 Nc6 13. Be3 Rc8 14. Ba2 Na5 15. Qd3 Nd5 16. Bb1 f5 17. Ba2 Kh8 18. Rfe1 Nxc3 19. bxc3 Bd5 20. Bf4 Nc4 21. Re2 Qe7 22. Bb3 Qh4 23. Bg3 Qh5 24. Bc2 Rf6 25. f4 Rf7 26. Rae1 Rfc7 27. Bd1 Qf7 28. Bb3 Be4 29. Rxe4 fxe4 30. Qxe4 Nd2 31. Qc2 Nxb3 32. Qxb3 Rxc3 33. Qb2 Rc2 34. Qb1 Qb7 35. Bf2 Qc6 36. Qb4 Rc1 37. h3 Rxe1+ 38. Bxe1 h6 39. Qd2 Qe4 40. Qf2 Rc1 41. Kf1 Qd3+ 42. Qe2 Qxd4 43. Qf3 Qd5 44. Qe3 Qc4+ 45. Kf2 Qc5 46. Bd2 Qxe3+ 47. Kxe3 Rg1 48. Kf3 Rb1 49. Bb4 Kg8 50. Ke4 Kf7 51. Kd4 a5 52. Bc3 Rb3 53. a4 Ra3 54. Kc4 Rxa4+ 55. Kb5 Rxf4 56. Kxb6 a4 57. Be5 Re4 58. Bd6 Rd4 59. Bc5 Rd5 60. Bb4 e5 61. Kc6 Ke6 62. g4 g6 63. h4 h5 64. gxh5 gxh5 65. Bf8 e4 66. Bb4 e3 67. Kb6 e2 68. Ka6 a3 69. Kb7 Rb5+ 70. Kc6 0-1

[Event "Polish Youth Ekstraliga 2022"]
[Site "Lublin"]
[Date "2022.07.03"]
[Round "9.23"]
[White "Adamczyk, Zuzanna"]
[Black "Zabrzanska, Weronika"]
[Result "0-1"]
[ECO "D35"]
[WhiteElo "1909"]
[BlackElo "1882"]
[Annotator "NA RC"]
[PlyCount "94"]
[EventDate "2022.06.24"]
[EventType "team-tourn"]
[EventCountry "POL"]
[SourceTitle "playchess.com"]
[Source "ChessBase"]
[SourceQuality "1"]
[TimeControl "40/5400+30:1800+30"]

1. d4 Nf6 2. c4 e6 3. Nc3 d5 4. cxd5 exd5 5. Bg5 c6 6. e3 Bd6 7. Bd3 O-O 8. Nf3 Re8 9. Qc2 h6 10. Bh4 a5 11. Bg3 Na6 12. Bxd6 Qxd6 13. a3 Nc7 14. O-O Ne6 15. Rab1 Ng5 16. Nxg5 hxg5 17. Bf5 g6 18. Bxc8 Raxc8 19. Qe2 Kg7 20. Qf3 g4 21. Qg3 Qe6 22. h3 Rh8 23. hxg4 Nxg4 24. Rfe1 Qf5 25. f3 Nf6 26. Qe5 Qd7 27. Qg3 Rh5 28. Kf2 Rch8 29. Ke2 Qf5 30. Rbd1 Rg5 31. Qf2 Rh2 32. Rg1 b5 33. Kf1 Nh5 34. Ke1 Ng3 35. b4 axb4 36. axb4 Qe6 37. Rd3 Qd6 38. Na2 Nh1 39. Qc2 Qg3+ 40. Kf1 Rf5 41. Qe2 Qh4 42. Qe1 Rxf3+ 43. Ke2 Rf2+ 44. Kd1 Qg4+ 45. Kc1 Rxa2 46. Kb1 Raxg2 47. Rf1 Qe4 0-1

[Event "Polish Youth Ekstraliga 2022"]
[Site "Lublin"]
[Date "2022.07.03"]
[Round "9.24"]
[White "Polakiewicz, Blanka"]
[Black "Gaszka, Zuzanna"]
[Result "0-1"]
[ECO "C60"]
[WhiteElo "1151"]
[BlackElo "1621"]
[Annotator "NA RC"]
[PlyCount "126"]
[EventDate "2022.06.24"]
[EventType "team-tourn"]
[EventCountry "POL"]
[SourceTitle "playchess.com"]
[Source "ChessBase"]
[SourceQuality "1"]
[TimeControl "40/5400+30:1800+30"]

1. e4 e5 2. Nf3 Nc6 3. Bb5 g6 4. c3 Bg7 5. d4 exd4 6. cxd4 a6 7. Ba4 b5 8. Bb3 Nge7 9. O-O O-O 10. d5 Na5 11. Bc2 d6 12. Nc3 Nc4 13. Rb1 h6 14. Re1 Kh7 15. Bd3 Nb6 16. Be3 Nd7 17. Qd2 Nf6 18. h3 Re8 19. a3 Bb7 20. Qc2 Rc8 21. Rbc1 c5 22. Qe2 Neg8 23. Nd2 Nd7 24. Rb1 Ne5 25. Bf4 Nxd3 26. Qxd3 Nf6 27. Qf3 Qd7 28. Qd3 c4 29. Qf3 Re7 30. Re2 a5 31. Ra1 Rce8 32. a4 b4 33. Nb5 c3 34. bxc3 bxc3 35. Nxc3 Nxd5 36. Nxd5 Bxd5 37. Rae1 Bc6 38. Nc4 d5 39. exd5 Rxe2 40. Rxe2 Rxe2 41. Qxe2 Qxd5 42. Ne3 Qd7 43. Nc4 Bc3 44. Be5 Qd5 45. f3 Qe6 46. Kf2 Bxe5 47. Nxe5 Bxa4 48. Qc4 Qxe5 49. Qxa4 Qb2+ 50. Kg1 Qb4 51. Qa2 Kg8 52. Kf1 a4 53. Ke2 a3 54. Kd1 Qc3 55. Qc2 Qxc2+ 56. Kxc2 Kg7 57. Kb3 Kf6 58. Kxa3 Ke5 59. g3 Kd4 60. f4 Ke4 61. Kb3 Kf3 62. h4 Kxg3 63. h5 gxh5 0-1

[Event "Polish Youth Ekstraliga 2022"]
[Site "Lublin"]
[Date "2022.07.03"]
[Round "9.25"]
[White "Kutowski, Marcel"]
[Black "Kazmierowski, Tymon"]
[Result "1/2-1/2"]
[ECO "B51"]
[WhiteElo "1954"]
[BlackElo "2020"]
[Annotator "NA RC"]
[PlyCount "65"]
[EventDate "2022.06.24"]
[EventType "team-tourn"]
[EventCountry "POL"]
[SourceTitle "playchess.com"]
[Source "ChessBase"]
[SourceQuality "1"]
[TimeControl "40/5400+30:1800+30"]

1. e4 c5 2. Nf3 d6 3. Bb5+ Nd7 4. O-O Ngf6 5. Re1 a6 6. Bf1 b5 7. a4 Bb7 8. axb5 axb5 9. Rxa8 Qxa8 10. Bxb5 Bxe4 11. d4 Bc6 12. Bxc6 Qxc6 13. Nc3 g6 14. Bf4 Nh5 15. Bg5 f6 16. d5 Qa6 17. Be3 Ne5 18. Nd2 f5 19. Bxc5 Bg7 20. Bd4 O-O 21. Nb3 f4 22. Nc5 dxc5 23. Bxe5 Bxe5 24. Rxe5 f3 25. g3 Qf6 26. Re3 Qf5 27. Qd3 Qg4 28. h3 Qxh3 29. Rxf3 Nf6 30. Qf1 Qh5 31. Rf4 Nxd5 32. Rxf8+ Kxf8 33. Nxd5 1/2-1/2

[Event "Polish Youth Ekstraliga 2022"]
[Site "Lublin"]
[Date "2022.07.03"]
[Round "9.26"]
[White "Grzadka, Artur"]
[Black "Wilk, Igor"]
[Result "0-1"]
[ECO "D35"]
[WhiteElo "1718"]
[BlackElo "1824"]
[Annotator "NA RC"]
[PlyCount "100"]
[EventDate "2022.06.24"]
[EventType "team-tourn"]
[EventCountry "POL"]
[SourceTitle "playchess.com"]
[Source "ChessBase"]
[SourceQuality "1"]
[TimeControl "40/5400+30:1800+30"]

1. c4 e6 2. Nc3 d5 3. d4 Nf6 4. cxd5 exd5 5. Bg5 Be7 6. e3 c6 7. Bd3 O-O 8. Qc2 Nbd7 9. Nge2 Re8 10. O-O h6 11. Bh4 Ne4 12. Bxe7 Qxe7 13. Nxe4 dxe4 14. Bc4 Nb6 15. Bb3 Bf5 16. Ng3 Bh7 17. Rac1 Rad8 18. Qe2 Nd5 19. a3 Bg6 20. Rc5 Kh7 21. Bxd5 cxd5 22. Rfc1 Qg5 23. Qb5 Re6 24. Qxb7 Rb6 25. Qxa7 Rxb2 26. R5c2 Rdb8 27. Qc5 R2b5 28. Qd6 Rb1 29. Ne2 Qg4 30. Nc3 R8b2 31. h3 Qc8 32. Rxb1 Rxb1+ 33. Nxb1 Qxc2 34. Qb4 Bh5 35. Nc3 Qc1+ 36. Kh2 Qf1 37. Kg3 Bf3 38. Kf4 Qxg2 39. Ke5 Qxf2 40. Kxd5 Qxe3 41. Kc6 Qd3 42. d5 e3 43. Kc7 Bxd5 44. Nxd5 Qxd5 45. Qb1+ g6 46. Qf1 Qe5+ 47. Kb6 Qe6+ 48. Kb7 e2 49. Qe1 Kg8 50. a4 Qd5+ 0-1

[Event "Polish Youth Ekstraliga 2022"]
[Site "Lublin"]
[Date "2022.07.03"]
[Round "9.27"]
[White "Bartoszczuk, Adam"]
[Black "Przybylski, Jan"]
[Result "0-1"]
[ECO "B81"]
[WhiteElo "1662"]
[BlackElo "1694"]
[Annotator "NA RC"]
[PlyCount "58"]
[EventDate "2022.06.24"]
[EventType "team-tourn"]
[EventCountry "POL"]
[SourceTitle "playchess.com"]
[Source "ChessBase"]
[SourceQuality "1"]
[TimeControl "40/5400+30:1800+30"]

1. e4 c5 2. Nf3 e6 3. d4 cxd4 4. Nxd4 Nf6 5. Nc3 d6 6. g4 h6 7. h4 Nc6 8. Rg1 d5 9. exd5 Nxd5 10. Nxd5 exd5 11. Be3 Qa5+ 12. c3 Be7 13. Bg2 Bxh4 14. Qe2 O-O 15. Nb3 Qd8 16. O-O-O Be6 17. f4 Re8 18. Bf3 Qe7 19. Bc5 Qc7 20. Qd2 Rad8 21. Bd4 Nxd4 22. Nxd4 Bf6 23. g5 hxg5 24. fxg5 Be5 25. Qc2 Bxd4 26. Rxd4 g6 27. Rh1 Qe5 28. Rg4 Bxg4 29. Bxg4 Qxg5+ 0-1

[Event "Polish Youth Ekstraliga 2022"]
[Site "Lublin"]
[Date "2022.07.03"]
[Round "9.28"]
[White "Terkiewicz, Bruno"]
[Black "Kaszuba, Michal"]
[Result "1/2-1/2"]
[ECO "B27"]
[WhiteElo "1320"]
[BlackElo "1307"]
[Annotator "NA RC"]
[PlyCount "92"]
[EventDate "2022.06.24"]
[EventType "team-tourn"]
[EventCountry "POL"]
[SourceTitle "playchess.com"]
[Source "ChessBase"]
[SourceQuality "1"]
[TimeControl "40/5400+30:1800+30"]

1. e4 c5 2. Nf3 g6 3. c3 d5 4. exd5 Qxd5 5. d4 cxd4 6. Qxd4 Qxd4 7. Nxd4 Bd7 8. Nb5 Bxb5 9. Bxb5+ Nc6 10. Be3 Bg7 11. Nd2 Nf6 12. O-O-O O-O 13. Bc5 Rac8 14. Bxc6 Rxc6 15. Bxe7 Re8 16. Bxf6 Rxf6 17. Rhf1 Re2 18. Nf3 Bh6+ 19. Kb1 Rb6 20. b3 Rf6 21. Rde1 Rfe6 22. Rxe2 Rxe2 23. Nd4 Rd2 24. Nf3 Re2 25. Nd4 Rd2 26. Nc2 Rd3 27. Kb2 Bg7 28. Nd4 Bxd4 29. cxd4 Rxd4 30. Kc3 Rd6 31. Re1 Rc6+ 32. Kb2 Rc7 33. Re3 Kg7 34. a3 h5 35. Rc3 Re7 36. Rc2 Kf6 37. Kc3 Rc7+ 38. Kd3 Rd7+ 39. Ke2 Ke5 40. Rc3 Kf5 41. Rc5+ Ke6 42. Rc4 Ke5 43. Rc5+ Ke6 44. Rc1 Ke5 45. Ke3 f5 46. Rc5+ Kf6 1/2-1/2

[Event "Polish Youth Ekstraliga 2022"]
[Site "Lublin"]
[Date "2022.07.03"]
[Round "9.29"]
[White "Goraj, Barbara"]
[Black "Bukala, Weronika"]
[Result "1-0"]
[ECO "A04"]
[WhiteElo "2035"]
[BlackElo "1827"]
[Annotator "NA RC"]
[PlyCount "113"]
[EventDate "2022.06.24"]
[EventType "team-tourn"]
[EventCountry "POL"]
[SourceTitle "playchess.com"]
[Source "ChessBase"]
[SourceQuality "1"]
[TimeControl "40/5400+30:1800+30"]

1. Nf3 c5 2. c4 Nc6 3. b3 e5 4. Bb2 d6 5. d3 g6 6. g3 Bg7 7. Bg2 Nge7 8. Nc3 O-O 9. O-O h6 10. Nd5 Be6 11. Ne1 Qd7 12. Nc2 Bh3 13. e3 Bxg2 14. Kxg2 b5 15. Rb1 b4 16. d4 exd4 17. exd4 Nxd5 18. cxd5 Ne7 $11 19. Ne3 Nf5 20. dxc5 dxc5 21. Bxg7 Kxg7 22. Rc1 Nxe3+ 23. fxe3 Qd6 24. e4 Rac8 25. Qf3 f5 26. Qf4 Rfd8 27. Rcd1 Qxf4 28. Rxf4 fxe4 29. Rxe4 Rc7 30. Kf3 Rd6 31. Ke3 Rf7 32. Re5 Rf5 33. Ke4 Kf6 34. Re8 Kf7 35. Rc8 Rf2 36. Rxc5 Re2+ 37. Kd4 Rxa2 38. Rc7+ Ke8 39. h4 Rf6 40. Rd3 a5 41. Re3+ Kd8 42. Ra7 Rd2+ 43. Ke4 Rf8 44. Ra8+ Ke7 45. Rxa5 g5 46. h5 Kd7 47. Ra7+ Kd6 48. Ra6+ Kc5 49. Rc6+ Kb5 50. Rxh6 Rd8 51. Rd3 Rxd3 52. Kxd3 Rxd5+ 53. Ke4 Kc5 54. Rg6 Rd4+ 55. Ke3 Rd5 56. h6 Re5+ 57. Kd3 1-0